AoeStats
← Cutloose

Arabia

510070391Analyzed
1v1 RM · 4d ago on Sep 29, 2026· 70m 0s· 2 players
Game mode
Random Map
Map size
Tiny (2 player)
Population
200
Speed
Normal
Resources
Standard
Victory
Conquest
Starting age
Dark Age
Ending age
Imperial Age
RankedLock teamsTeams togetherTeam positionsShared explorationLock speedFull tech treeHidden civsTurbo modeCheats
Victory
Defeat
🇦🇺 Ethiopians · Australia
1135
+16
🇸🇪 Sicilians · Sweden
1133
-16
Sturdy Badger
7:18 Loom
10:05 Feudal Age
13:28 Horse Collar
16:58 Padded Archer Armor
22:08 Fletching
25:12 Castle Age
23:03 Double-Bit Axe
24:13 Scale Mail Armor
26:58 Heavy Plow
27:52 Chain Mail Armor
35:48 Loom
39:32 Ballistics
40:20 Bow Saw
41:47 Wheelbarrow
43:06 Town Watch
46:11 Imperial Age
44:24 Wheelbarrow
46:22 Imperial Age
43:17 Light Cavalry
44:08 Bloodlines
44:01 Husbandry
48:56 Imperial Age
49:06 Elite Skirmisher
53:34 Pikeman
56:06 Squires
55:52 Gambesons
58:21 Forging
58:24 Arson
60:52 Scale Barding Armor
61:30 Bodkin Arrow
Cutloose
7:41 Loom
9:55 Feudal Age
9:56 Man-at-Arms
11:06 Double-Bit Axe
15:53 Fletching
24:50 Castle Age
22:54 Padded Archer Armor
26:18 Castle Age
26:24 Crossbowman
27:03 Bodkin Arrow
28:06 Light Cavalry
33:48 Ballistics
34:00 Horse Collar
38:00 Thumb Ring
48:53 Scale Barding Armor
53:32 Forging
57:01 Imperial Age
55:16 Wheelbarrow
55:20 Iron Casting
55:45 Chain Barding Armor
55:42 Husbandry
57:09 Hand Cart
57:19 Leather Archer Armor
57:05 Heavy Camel Rider
57:11 Arbalester
58:55 Blast Furnace
57:55 Bracer
58:24 Bracer
59:33 Chemistry
62:20 Ring Archer Armor
64:00 Hussar
Connection lost

Rejoining the realm…

Still unreachable

The connection could not be restored.

Session expired

The server has moved on; the page needs a fresh start.